 Dungeon Crawl Stone Soup version 0.32-a0-886-g41c5271027 (webtiles) character file.

Game seed: 875936717687761022

3657 pascalblue the Reanimator (level 9, -1/45 HPs)
             Began as a Deep Elf Necromancer on Apr 2, 2024.
             Was an Initiate of Gozag.
             Slain by a red ugly thing (18 damage)
             ... on level 7 of the Dungeon.
             The game lasted 00:25:50 (7466 turns).

pascalblue the Reanimator (Deep Elf Necromancer)    Turns: 7466, Time: 00:25:51

Health: -1/45      AC:  3    Str:  5    XL:     9   Next: 88%
Magic:  13/24      EV: 22    Int: 25    God:    Gozag
Gold:   1336       SH:  0    Dex: 15    Spells: 13/26 levels left

rFire   . . .        y - +2 rapier (holy)
rCold   . . .        (no shield)
rNeg    . . .        a - +0 robe
rPois   .            (no helmet)
rElec   .            (no cloak)
rCorr   .            (no gloves)
SInv    .            g - +0 pair of boots
Will    .....        p - amulet of magic regeneration
Stlth   ++           l - +5 ring of evasion
HPRegen 0.27/turn    h - +5 ring of evasion
MPRegen 0.59/turn

%: no passive effects
@: gold aura
A: no striking features
a: Renounce Religion, Potion Petition, Call Merchant, Bribe Branch


You were on level 7 of the Dungeon.
You worshipped Gozag.
Gozag was most pleased with you.
You visited 1 branch of the dungeon, and saw 7 of its levels.
You also visited: Sewer.

You collected 1336 gold pieces.

Inventory:

Hand Weapons
 e - a +0 heavy short sword
 y - a +2 rapier of holy wrath (weapon)
Missiles
 t - 2 throwing nets
Armour
 a - a +0 robe (worn)
 g - a +0 pair of boots (worn)
Jewellery
 h - a +5 ring of evasion (right hand)
 l - a +5 ring of evasion (left hand)
 p - an amulet of magic regeneration (around neck)
 z - a ring of magical power
Wands
 u - a wand of acid (6)
Scrolls
 c - a scroll of fog
 f - a scroll of poison
 i - 3 scrolls of blinking
 j - 4 scrolls of revelation
 o - 3 scrolls of immolation
 q - a scroll of enchant armour {unknown}
 r - 2 scrolls of teleportation
 v - a scroll of amnesia
 x - a scroll of identify
Potions
 b - 3 potions of magic
 d - a potion of resistance
 k - 4 potions of curing
 m - 4 potions of cancellation
 n - a potion of might
 s - a potion of attraction {unknown}
 w - a potion of lignification {unknown}


   Skills:
 - Level 3.0 Dodging
 - Level 2.4 Stealth
 + Level 9.0 Spellcasting
 + Level 4.7 Conjurations
 * Level 11.8 Necromancy
 + Level 6.3 Translocations
 + Level 4.5 Air Magic


You had 13 spell levels left.
You knew the following spells:

 Your Spells              Type           Power      Damage    Failure   Level
a - Necrotise             Necr           100%       1d9       1%          1
b - Vampiric Draining     Necr           63%        2d10      1%          3
c - Blink                 Tloc           84%        N/A       1%          2
d - Momentum Strike       Conj/Tloc      76%        3d10      1%          2
e - Dispel Undead         Necr           63%        3d22      1%          4
f - Shock                 Conj/Air       100%       1d9       1%          1

Your spell library contained the following spells:

 Spells                   Type           Power      Damage    Failure   Level
 Kiss of Death            Conj/Necr      100%       2d13      1%          1
 Sting                    Conj/Alch      92%        1d8       1%          1
 Lesser Beckoning         Tloc           84%        N/A       1%          2
 Curse of Agony           Necr           63%        N/A       1%          5
 Swiftness                Air            34%        N/A       2%          3
 Mercury Vapours          Alch/Air       44%        N/A       3%          2
 Martyr's Knell           Necr/Summ      41%        N/A       4%          4
 Airstrike                Air            17%        2d(3-19)  9%          4
 Confusing Touch          Hex            11%        N/A       16%         3
 Summon Forest            Summ/Tloc      13%        N/A       38%         5
 Olgreb's Toxic Radiance  Alch           11%        N/A       47%         4
 Summon Mana Viper        Hex/Summ       11%        N/A       83%         5
 Summon Cactus Giant      Summ           5%         N/A       100%        6
 Animate Dead             Necr           Unusable   N/A       N/A         4

Dungeon Overview and Level Annotations

Branches:
Dungeon (7/15)             Temple (0/1) D:6           Sewer (visited)

Altars:
Gozag
Makhleb
Okawaru
Qazlal
Trog
Vehumet
Xom
The Shining One

Annotations:
D:7 exclusion: statue


Message History

Aiming: Shock (safe; 1% risk of failure)
Press: ? - help, Shift-Dir - straight line, f/p - red ugly thing
Aim: a red ugly thing (moderately wounded, unaware, hasn't noticed you, 74% to hit)
The zap hits the red ugly thing.
The red ugly thing is moderately wounded.
The red ugly thing is no longer distracted by gold.
The zap hits the cyclops!
The cyclops is severely wounded.
The zap hits the manticore.
The manticore is moderately wounded.
The zap hits the bombardier beetle.
The bombardier beetle is severely wounded.
The zap hits the iguana.
The iguana is lightly wounded.
The kobold demonologist looks satisfied for a moment.
The red ugly thing barely misses you.
Casting: Shock (safe; 1% risk of failure)
Confirm with . or Enter, or press ? or * to list all spells.
Aiming: Shock (safe; 1% risk of failure)
Press: ? - help, Shift-Dir - straight line, f/p - red ugly thing
Aim: a red ugly thing (moderately wounded, 74% to hit)
The zap hits the red ugly thing but does no damage.
The red ugly thing is moderately wounded.
The zap hits the cyclops!
The cyclops is almost dead.
The zap hits the manticore.
The manticore is moderately wounded.
The zap hits the bombardier beetle!
You kill the bombardier beetle!
The zap hits the orc!
The orc is almost dead.
The zap hits the iguana.
The iguana is lightly wounded.
The zap hits the crimson imp.
The crimson imp is heavily wounded.
The howler monkey hoots and howls with incredible vigour!
The kobold demonologist is distracted by your dazzling golden aura.
The red ugly thing trunk-slaps you!
You are engulfed in flames!!
You die...
Your body crumbles into a pile of gold.

..##.#.#♣...♣#♣...♣#♣♣♣♣.#.#.####
##...#.#...).#♣...♣ ♣.♣#.#.....
#.###.#..PP)♣♣...♣♣♣ ♣♣.#.#.###.
#.# #...P~P.)).)...♣♣♣))..#.#...
##.# #.#.PPP.♣♣...♣♣...♣♣#.#.#...
...###.#.....#♣...♣#.♣♣♣♣#.#....#
#...##.#♣...♣#♣...♣#....♣#.###.##
#...##.#♣♣.♣♣ ♣...♣#♣♣♣.♣#.# #..#
#...##.# ♣.♣ ♣♣@♣♣ ♣♣.♣♣#.# #...
###.##.# ♣.♣ ♣u♣ ♣.♣♣ #.# #...
#..#.# ♣.♣ ♣C♣ ♣♣.♣ #.# #.#.
##...# ### #H# #####.###.## #####
#o# #......## #.KW$g# ##.#####
#..lh.# #.# #.$5$.# ##.######
.##.##. #.....#..


You could see a red ugly thing, a manticore, a cyclops, a kobold demonologist
(unaware), a phantom, a howler monkey (catching breath), an iguana, a crimson
imp (summoned) and an orc.

Vanquished Creatures
  A cyclops (D:7)
  Grinder (D:3)
  Sigmund (D:6)
  3 water moccasins
  Duvessa (D:6)
  3 ice beasts
  2 orc warriors
  2 sky beasts
  2 black bears
  Pargi (Sewer)
  An ogre (D:7)
  A phantom (D:5)
  A kobold brigand (Sewer)
  A brain worm (Sewer)
  4 scorpions
  A gnoll sergeant (D:6)
  A bullfrog (D:6)
  4 wights (D:7)
  Dowan (D:6)
  A howler monkey (D:5)
  A bombardier beetle (D:7)
  2 hounds
  An orc priest (D:4)
  A jelly (D:6)
  4 iguanas (D:6)
  Jessica (D:2)
  Ijyb (D:4)
  2 orc wizards
  Robin (D:4)
  14 gnolls
  5 adders
  A white imp (D:7)
  4 dart slugs
  20 orcs
  8 ball pythons
  7 endoplasms
  3 giant cockroaches
  13 goblins
  8 hobgoblins
  4 quokkas
  A bat (D:3)
  3 frilled lizards
  11 kobolds
  10 rats
159 creatures vanquished.

Notes
Turn   | Place    | Note
-------+----------+-------------------------------------------
     0 | D:1      | pascalblue the Deep Elf Necromancer began the quest for the
                  | Orb.
     0 | D:1      | Reached XP level 1. HP: 10/10 MP: 6/6
   147 | D:1      | Reached skill level 5 in Necromancy
   315 | D:1      | Found a faded altar of an unknown god.
   324 | D:1      | Prayed at the altar of an unknown god.
   324 | D:1      | Became a worshipper of Gozag Ym Sagoz the Greedy
   382 | D:1      | Reached XP level 2. HP: 15/15 MP: 6/8
  1079 | D:2      | Reached XP level 3. HP: 16/19 MP: 2/10
  1476 | D:2      | Noticed Jessica
  1482 | D:2      | Killed Jessica
  1483 | D:2      | Reached skill level 6 in Necromancy
  1483 | D:2      | Reached XP level 4. HP: 24/24 MP: 8/12
  1914 | D:3      | Found a shimmering altar of Xom.
  2008 | D:3      | Found a glowing drain.
  2022 | Sewer    | Entered a sewer
  2036 | Sewer    | Learned a level 3 spell: Vampiric Draining
  2039 | Sewer    | Learned a level 2 spell: Blink
  2084 | Sewer    | Noticed Pargi
  2092 | Sewer    | Killed Pargi
  2093 | Sewer    | Reached skill level 1 in Translocations
  2093 | Sewer    | Reached XP level 5. HP: 9/28 MP: 8/13
  2177 | Sewer    | Reached skill level 7 in Necromancy
  2255 | Sewer    | Reached skill level 5 in Spellcasting
  2255 | Sewer    | Reached XP level 6. HP: 3/32 MP: 6/15
  2699 | D:3      | Learned a level 2 spell: Momentum Strike
  2932 | D:3      | Noticed Grinder
  2954 | D:3      | Paralysed by Grinder for 5 turns
  2959 | D:3      | Killed Grinder
  2960 | D:3      | Reached skill level 8 in Necromancy
  2960 | D:3      | Reached XP level 7. HP: 9/36 MP: 14/17
  3187 | D:3      | Found a stormy altar of Qazlal.
  3230 | D:3      | Found a glowing golden altar of the Shining One.
  3711 | D:4      | Noticed Ijyb
  3730 | D:4      | Killed Ijyb
  3950 | D:4      | Learned a level 4 spell: Dispel Undead
  4262 | D:4      | Noticed Robin
  4332 | D:4      | Killed Robin
  4483 | D:5      | Entered Level 5 of the Dungeon
  4530 | D:5      | Reached skill level 9 in Necromancy
  4627 | D:5      | Learned a level 1 spell: Shock
  4836 | D:5      | Reached XP level 8. HP: 41/41 MP: 18/20
  4974 | D:5      | Reached skill level 1 in Air Magic
  5047 | D:5      | Found a burning altar of Makhleb.
  5455 | D:6      | Reached skill level 1 in Conjurations
  5482 | D:6      | Noticed Duvessa
  5484 | D:6      | Noticed Dowan
  5487 | D:6      | Killed Duvessa
  5491 | D:6      | Killed Dowan
  5615 | D:6      | Reached skill level 10 in Necromancy
  5799 | D:6      | Reached skill level 5 in Translocations
  5938 | D:6      | Noticed Sigmund
  5944 | D:6      | Killed Sigmund
  5971 | D:6      | Found a bloodstained altar of Trog.
  5981 | D:6      | Reached XP level 9. HP: 45/45 MP: 18/22
  6456 | D:6      | Found a staircase to the Ecumenical Temple.
  6756 | D:7      | Reached skill level 11 in Necromancy
  6784 | D:7      | Found an iron altar of Okawaru.
  7059 | D:7      | Found a radiant altar of Vehumet.
  7447 | D:7      | Noticed a red ugly thing
  7448 | D:7      | Noticed a kobold demonologist
  7448 | D:7      | Noticed a cyclops
  7448 | D:7      | Noticed a cyclops
  7449 | D:7      | Noticed a boulder beetle
  7449 | D:7      | Noticed a manticore
  7463 | D:7      | Killed a cyclops
  7466 | D:7      | Slain by a red ugly thing

Illustrated notes

Levels and vault maps discovered:
D:1:      pf_arrival_petrified_forest, layout_loops_cross,
          shapermc_ecumenical_altar_pompeii
D:2:      layout_basic, minmay_misc_feat_x, minmay_tetromino_i2, uniq_jessica
D:3:      layout_loops_corners, nicolae_overflow_crystal_walls, xom_butterflies,
          nicolae_tso_swordbearing_angel,
          mainiacjoe_sewer_entry_somewhere_in_here_1, uniq_grinder
D:4:      layout_gridville, kennysheep_generic_room_3, uniq_ijyb, uniq_robin
D:5:      layout_gridville, lemuel_crystal_altar, chequers_garden,
          serial_bayou_pond_e
D:6:      layout_basic, trog_butcher_becter, minmay_temple_entry_fiery,
          uniq_sigmund, uniq_duvessa
D:7:      nzn_winding_woodlands_three_and_one
          [nzn_winding_woodlands_5x15_jagged,
          nzn_winding_woodlands_5x15_default, nzn_winding_woodlands_5x15_garden,
          nzn_winding_woodlands_center_pierced_h], layout_basic,
          okawaru_ov_weapons_minmay, vehumet_statue

Skill      XL: |  1  2  3  4  5  6  7  8  9 |
---------------+----------------------------+-----
Necromancy     | 5 6 7 8 9 10 11 | 11.8
Dodging        | 3 |  3.0
Spellcasting   | 4 5 6 7 9 |  9.0
Translocations | 1 2 3 4 5 6 |  6.3
Air Magic      | 3 4 |  4.5
Conjurations   | 3 4 |  4.7
Stealth        | |  2.4

Action                     |  1- 3 |  4- 6 |  7- 9 || total
---------------------------+-------+-------+-------++-------
  Melee: Short sword       |     1 |    11 |     7 ||    19
         Unarmed           |     1 |       |       ||     1
         Rapier            |       |       |     1 ||     1
   Cast: Necrotise         |    48 |    46 |   194 ||   288
         Vampiric Draining |       |     2 |    48 ||    50
         Momentum Strike   |       |     4 |    10 ||    14
         Blink             |       |     1 |       ||     1
         Dispel Undead     |       |       |     5 ||     5
         Shock             |       |       |    18 ||    18
    Use: Scroll            |       |    13 |     5 ||    18
   Stab: Sleeping          |     1 |       |       ||     1
 Armour: Robe              |    13 |    21 |    34 ||    68
  Dodge: Dodged            |    12 |    39 |   105 ||   156

Table legend: (Time is in decaauts)
 A = Elapsed time spent in this place.
 B = Non-inter-level travel time spent in this place.
 C = Inter-level travel time spent in this place.
 D = Time resting spent in this place.
 E = Time spent auto-exploring this place.
 F = Levels seen in this place.
 G = Mean time per level.
                   A        B        C        D        E       F      G
               +--------+--------+--------+--------+--------+-----+--------+
         Total |   7488 |   7319 |    169 |    530 |   5378 |   8 |  936.0 |
       Dungeon |   6925 |   6756 |    169 |    146 |   5270 |   7 |  989.3 |
         Sewer |    562 |    562 |      0 |    384 |    108 |   1 |  562.0 |
               +--------+--------+--------+--------+--------+-----+--------+

Top non-repeatable levels by time:
     D:6: 1154 daAuts
     D:4: 1042 daAuts
     D:1: 988 daAuts
     D:3: 985 daAuts
     D:7: 959 daAuts
     D:2: 927 daAuts
     D:5: 868 daAuts
   Sewer: 562 daAuts
